 Dungeon Crawl Stone Soup version 0.27-a0-1202-ge72e49191c (webtiles) character file.

Game seed: 15625226082091029117

69 27snakeeyes612 the Skirmisher (level 4, 0/42 HPs)
             Began as a Naga Fighter on June 3, 2021.
             Succumbed to an adder's poison
             ... on level 2 of the Dungeon.
             The game lasted 00:01:00 (1926 turns).

27snakeeyes612 the Skirmisher (Naga Fighter)        Turns: 1926, Time: 00:01:01

Health: 0/42       AC:  5    Str: 19    XL:     4   Next: 20%
Magic:  4/4        EV:  5    Int:  8    God:
Gold:   80         SH:  8    Dex: 11    Spells: 3/3 levels left

rFire    . . .     SeeInvis +   a - +0 war axe
rCold    . . .     Faith    .   c - +0 kite shield
rNeg     . . .     Spirit   .   b - +0 scale mail
rPois    +         Reflect  .   (no helmet)
rElec    .         Harm     .   (no cloak)
rCorr    .         Rampage  .   (no gloves)
Will     .....                  (no barding)
Stlth    ..........             (no amulet)
HPRegen  0.14/turn              (no ring)
MPRegen  0.09/turn              (no ring)

@: lethally poisoned (0 -> -2), very slow
A: AC +1, large, see invisible, deformed body, poison resistance, slowness 2,
spit poison 1, naga tail 1
a: Spit Poison


You were on level 2 of the Dungeon.
You visited 1 branch of the dungeon, and saw 2 of its levels.

You collected 80 gold pieces.

Inventory:

Hand Weapons
 a - a +0 war axe (weapon)
Armour
 b - a +0 scale mail (worn)
 c - a +0 kite shield (worn)
Scrolls
 f - 2 scrolls of blinking {unknown}
 i - a scroll of magic mapping {unknown}
 j - a scroll of teleportation {unknown}
Potions
 d - a potion of might
 e - a potion of flight {unknown}
 g - 2 potions of brilliance {unknown}
 h - a potion of resistance {unknown}


   Skills:
 + Level 3.3 Fighting
 + Level 3.0 Axes
 + Level 3.0 Armour
 + Level 0.2 Dodging
 + Level 2.7 Shields


You had 3 spell levels left.
You didn't know any spells.
Your spell library contained the following spells:

 Spells                   Type           Power      Damage    Failure   Level
 Animate Skeleton         Necr           0%         N/A       99%         1
 Pain                     Necr           0%         1d4       99%         1
 Vampiric Draining        Necr           0%         2d6       100%        3
 Animate Dead             Necr           0%         N/A       100%        4
 Agony                    Necr           0%         N/A       100%        5


Dungeon Overview and Level Annotations

Branches:
Dungeon (2/15)

Altars:


Innate Abilities, Weirdness & Mutations

Your serpentine skin is tough. (AC +1)
You have supernaturally acute eyesight. (SInv)
Armour fits poorly on your strangely shaped body.
Your system is resistant to poisons. (rPois)
You cover ground very slowly.
You can spit poison.
You have a snake-like lower body.


Message History

You are too injured to fight recklessly!
You are too injured to fight recklessly!
You are too injured to fight recklessly!
You are too injured to fight recklessly!
You are too injured to fight recklessly!
Unknown command.
You hit the worm.
The worm is almost dead.
You hit the adder. The adder bites you but does no damage. The worm bites you.
The adder bites you but does no damage.
You hit the worm but do no damage.
The worm is almost dead.
You closely miss the adder. You block the adder's attack.
The worm barely misses you. The adder barely misses you.
You slash the adder!
The adder is almost dead.
You hit the worm but do no damage. The adder bites you.
* * * LOW HITPOINT WARNING * * *
You are poisoned.
The adder poisons you! The adder barely misses you. The worm bites you.
* * * LOW HITPOINT WARNING * * *
Your scale mail prevents you from hitting the worm.
The worm is severely wounded.
You completely miss the adder.
* * * LOW HITPOINT WARNING * * *
You feel very sick. You block the adder's attack. The adder barely misses you.
The worm barely misses you.
You slash the worm!
You kill the worm!
You closely miss the adder.
You feel sick. The adder bites you.
* * * LOW HITPOINT WARNING * * *
The adder bites you.
* * * LOW HITPOINT WARNING * * *
Your Axes skill increases to level 3!
* * * LOW HITPOINT WARNING * * *
You feel sick. You block the adder's attack. The adder bites you.
* * * LOW HITPOINT WARNING * * *
You see here a worm corpse.
You die...

.....######...###.# #. #.#
..................# #. #.#
####.######.##########.####.#
#.# #..........#.#....# #
#.######.###....#.#.#.####
####..........+......#.#.##
.....).####.###......#.#..#
######.####+###†S....#....# #
#.#......#.@....###..# #
#........#......# #..#
##..............# #..#
#..##+#........# #..#
##.##.#........###..#
#.##.#........#....#
#.##.#........#.##.#
#..#.#........#<...# ##.#.#
#.#..#


You could see an adder.

Vanquished Creatures
  An adder (D:2)
  2 worms (D:2)
  7 bats
  4 endoplasms
  2 giant cockroaches
  6 goblins
  7 hobgoblins
  4 jackals (D:2)
  3 quokkas
  4 ball pythons (D:1)
  3 frilled lizards
  6 rats
49 creatures vanquished.

Notes
Turn   | Place    | Note
-------+----------+-------------------------------------------
     0 | D:1      | 27snakeeyes612 the Naga Fighter began the quest for the
                  | Orb.
     0 | D:1      | Reached XP level 1. HP: 21/21 MP: 1/1
   174 | D:1      | Reached XP level 2. HP: 28/28 MP: 2/2
   676 | D:1      | Reached XP level 3. HP: 34/34 MP: 3/3
  1754 | D:2      | Reached XP level 4. HP: 33/42 MP: 4/4
  1925 | D:2      | HP: 1/42 [adder (2)]
  1926 | D:2      | Succumbed to an adder's poison

Illustrated notes

Levels and vault maps discovered:
D:1:      mrwooster_arrival_statue_3, layout_rooms, amethyst_killhole,
          minmay_tiny_reverse_x
D:2:      layout_basic, basic_altar, minmay_3d_cube

Skill      XL: |  1  2  3  4 |
---------------+-------------+-----
Armour         | 3 |  3.0
Axes           | 3 |  3.0
Fighting       | |  3.3
Dodging        | |  0.2
Shields        | |  2.7

Action                   |  1- 3 |  4- 6 || total
-------------------------+-------+-------++-------
Melee: War axe           |   156 |    17 ||   173
Armor: Scale mail        |    90 |     7 ||    97
Dodge: Dodged            |    51 |     7 ||    58
Block: Kite shield       |    91 |    11 ||   102

Table legend: (Time is in decaauts)
 A = Elapsed time spent in this place.
 B = Non-inter-level travel time spent in this place.
 C = Inter-level travel time spent in this place.
 D = Time resting spent in this place.
 E = Time spent auto-exploring this place.
 F = Levels seen in this place.
 G = Mean time per level.
                   A        B        C        D        E       F      G
               +--------+--------+--------+--------+--------+-----+--------+
         Total |   2399 |   2360 |     39 |      0 |   1945 |   2 | 1199.5 |
       Dungeon |   2399 |   2360 |     39 |      0 |   1945 |   2 | 1199.5 |
               +--------+--------+--------+--------+--------+-----+--------+

Top non-repeatable levels by time:
     D:2: 1300 daAuts
     D:1: 1098 daAuts
